 Dungeon Crawl Stone Soup version 0.24-a0-520-g8fd06ad0bc (webtiles) character file.

Game seed: 15486971599352075805

555 Mithandil the Conjurer (level 7, -13/36 HPs)
             Began as a Deep Elf Conjurer on July 25, 2019.
             Killed by nerve-wracking pain
             ... invoked by an orc priest
              (14 damage)
             ... on level 5 of the Dungeon on July 26, 2019.
             The game lasted 00:27:01 (4622 turns).

Mithandil the Conjurer (Deep Elf Conjurer)          Turns: 4622, Time: 00:27:03

Health: -13/36     AC: 13    Str:  7    XL:     7   Next: 8%
Magic:  0/17       EV: 13    Int: 20    God:
Gold:   202        SH:  0    Dex: 15    Spells: 3/17 levels left

rFire    . . .     SeeInvis .   g - +0 mace (protect)
rCold    . . .     Gourm    .   (no shield)
rNeg     . . .     Faith    .   q - +0 leather armour
rPois    .         Spirit   .   f - +0 helmet
rElec    .         Reflect  .   (no cloak)
rCorr    .         Harm     .   t - +0 pair of gloves
MR       .....                  C - +0 pair of boots
Stlth    +++.......             (no amulet)
HPRegen  0.12/turn              (no ring)
MPRegen  0.15/turn              (no ring)

@: protection aura, very slightly contaminated
A: no striking features
a: no special abilities


You were on level 5 of the Dungeon.
You were very hungry.

You visited 1 branch of the dungeon, and saw 5 of its levels.

You collected 202 gold pieces.

Inventory:

Hand Weapons
 a - a +0 dagger
 b - a +0 shortbow
 g - a +0 mace of protection (weapon)
 n - a +0 short sword
 y - a +0 spear of flaming
Missiles
 k - 6 boomerangs
 l - 13 poisoned darts (quivered)
 r - 60 arrows
 z - a throwing net
 E - 3 silver boomerangs
Armour
 f - a +0 helmet (worn)
 q - a +0 leather armour (worn)
 t - a +0 pair of gloves (worn)
 C - a +0 pair of boots (worn)
Jewellery
 F - an uncursed ring of flight {unknown}
Scrolls
 d - 2 scrolls of random uselessness {unknown}
 e - a scroll of immolation {unknown}
 h - 4 scrolls of teleportation {unknown}
 i - a scroll of enchant weapon {unknown}
 j - a scroll of blinking {unknown}
 m - a scroll of fog {unknown}
 o - a scroll of noise {unknown}
 u - a scroll of remove curse {unknown}
 B - 3 scrolls of identify {unknown}
 D - a scroll of magic mapping {unknown}
Potions
 p - 3 potions of might {unknown}
 s - 2 potions of heal wounds {unknown}
 v - 2 potions of invisibility {unknown}
 w - 2 potions of brilliance {unknown}
 x - a potion of agility {unknown}
 A - a potion of degeneration {unknown}
 G - a potion of curing {unknown}
Comestibles
 c - 12 rations


   Skills:
 * Level 1.8 Bows
 + Level 4.0 Dodging
 + Level 4.4 Stealth
 * Level 5.8 Spellcasting
 * Level 6.2 Conjurations
 + Level 0.9 Hexes
 + Level 2.1 Translocations


You had 3 spell levels left.
You knew the following spells:

 Your Spells              Type           Power        Failure   Level  Hunger
a - Magic Dart            Conj           ####         1%          1    None
b - Searing Ray           Conj           ####..       1%          2    None
c - Force Lance           Conj/Tloc      ###.....     28%         4    ####...
d - Iskenderun's Mystic   Conj           ####....     12%         4    ####...
s - Dazzling Spray        Conj/Hex       ###...       11%         3    ##.....

Your spell library contained the following spells:

 Spells                   Type           Power        Failure   Level  Hunger
 Fulminant Prism          Conj/Hex       ###.......   36%         4    ####...


Dungeon Overview and Level Annotations

Branches:
Dungeon (5/15)
 Temple: D:4-7

Altars:
Elyvilon
Hepliaklqana
Ru
Uskayaw

Annotations:
D:3 1 runed translucent door, Crazy Yiuf, Grinder


Message History

You hit the orc priest.
The orc priest is heavily wounded.
The orc priest hits you with a +0 hand axe.
* * * LOW HITPOINT WARNING * * *
You hit the orc priest but do no damage.
The orc priest is heavily wounded.
The orc priest hits you with a +0 hand axe.
* * * LOW HITPOINT WARNING * * *
Casting: Magic Dart (safe; 1% risk of failure)
Confirm with . or Enter, or press ? or * to list all spells.
Aiming: Magic Dart (safe; 1% risk of failure)
Press: ? - help, Shift-Dir - straight line, f/p - orc priest
Aim: an orc priest, wielding a +0 hand axe and wearing a +0 leather armour (heavily wounded)
You miscast Magic Dart.
You are very lightly contaminated with residual magic.
Sparks fly from your hands!
The orc priest shouts!
The orc priest calls down the wrath of Beogh upon you.
Pain shoots through your body!
You die...

o.. >.#
#.# #.#
#.# #S#
#o# #@#
#.# #.#
#.# ####.#
#....#.#
#.##.#.#
#.##.#.#
#######
###.##.#.#


You could see 2 orc priests and an adder.

Vanquished Creatures
  A phantom (D:4)
  A howler monkey (D:4)
  2 crimson imps (D:5)
  3 hounds
  An orc wizard (D:3)
  2 worker ants (D:4)
  3 gnolls (D:3)
  2 adders
  An ooze (D:1)
  4 worms
  2 dart slugs (D:2)
  4 leopard geckos
  13 orcs
  10 bats
  6 giant cockroaches
  5 goblins
  10 hobgoblins
  16 jackals
  9 kobolds
  3 quokkas
  3 ball pythons
  4 frilled lizards
  8 rats
  A fungus (D:3)
114 creatures vanquished.

Vanquished Creatures (others)
  2 plants (D:3)
2 creatures vanquished.

Grand Total: 116 creatures vanquished

Notes
Turn   | Place    | Note
-------+----------+-------------------------------------------
     0 | D:1      | Mithandil the Deep Elf Conjurer began the quest for the
                  | Orb.
     0 | D:1      | Reached XP level 1. HP: 10/10 MP: 6/6
   266 | D:1      | Reached XP level 2. HP: 4/15 MP: 1/8
   644 | D:1      | Learned a level 2 spell: Searing Ray
   792 | D:1      | Reached XP level 3. HP: 19/19 MP: 6/10
  1344 | D:2      | Reached skill level 5 in Conjurations
  1587 | D:2      | Reached XP level 4. HP: 24/24 MP: 8/12
  1593 | D:2      | Learned a level 4 spell: Force Lance
  1598 | D:2      | Learned a level 4 spell: Iskenderun's Mystic Blast
  1895 | D:2      | Found a faded altar of an unknown god.
  1934 | D:2      | Became a worshipper of Elyvilon the Healer
  1934 | D:2      | Reached * piety under Elyvilon
  1936 | D:2      | Fell from the grace of Elyvilon
  2515 | D:3      | Reached XP level 5. HP: 26/28 MP: 8/13
  2567 | D:3      | Reached skill level 1 in Translocations
  2917 | D:3      | Noticed Grinder
  2967 | D:3      | Found a runed translucent door.
  2968 | D:3      | Noticed Crazy Yiuf
  3384 | D:4      | Reached skill level 5 in Spellcasting
  3447 | D:4      | Learned a level 3 spell: Dazzling Spray
  3469 | D:5      | Entered Level 5 of the Dungeon
  3485 | D:4      | Reached XP level 6. HP: 32/32 MP: 6/15
  3876 | D:4      | Reached skill level 1 in Bows
  3876 | D:4      | Reached skill level 6 in Conjurations
  4419 | D:5      | Noticed a sky beast
  4456 | D:5      | Found a hide-covered altar of Uskayaw.
  4456 | D:5      | Found a sacrificial altar of Ru.
  4457 | D:5      | Found a hazy altar of Hepliaklqana.
  4572 | D:5      | Reached XP level 7. HP: 36/36 MP: 10/17
  4621 | D:5      | HP: 1/36 [orc priest/+0 hand axe (3)]
  4622 | D:5      | Killed from afar by an orc priest

Levels and vault maps discovered:
D:1:      nicolae_arrival_somewhat_less_tricky_arrival, layout_rooms
D:2:      layout_basic, serial_bayou, serial_bayou_pond_e, serial_bayou_pond_d,
          serial_bayou_shore_a, serial_bayou_pond_b,
          chequers_ecumenical_altar_island
D:3:      layout_loops_ring, serial_bayou, serial_bayou_pond_c,
          serial_bayou_pond_c, serial_bayou_crossing, serial_bayou_pond_e,
          chequers_serial_rivers_marsh, solitary_fountain, uniq_grinder,
          uniq_crazy_yiuf_cottage
D:4:      layout_basic
D:5:      layout_loops_ring, gammafunk_temple_overflow_claw, minitemple,
          first_ration, st_stairs_8

Skill      XL: |  1  2  3  4  5  6 |
---------------+-------------------+-----
Stealth        | 3 4 |  4.4
Spellcasting   | 4 5 |  5.8
Dodging        | 3 4 |  4.0
Conjurations   | 5 6 |  6.2
Translocations | 1 2 |  2.1
Bows           | 1 |  1.8
Hexes          | |  0.9

Action                   |  1- 3 |  4- 6 |  7- 9 || total
-------------------------+-------+-------+-------++-------
Melee: Mace              |    33 |   145 |     3 ||   181
 Cast: Magic Dart        |    78 |   141 |     7 ||   226
       Searing Ray       |     1 |    13 |     3 ||    17
Invok: Renounce Religion |       |     1 |       ||     1
  Eat: Chunk             |     2 |     9 |       ||    11
Armor: Robe              |    40 |       |       ||    40
       Leather armour    |       |    26 |       ||    26
Dodge: Dodged            |    73 |    54 |     2 ||   129

Table legend:
 A = Non-vault XP
 B = Vault XP
 C = Vault XP percentage of total XP
 D = Non-vault monster count
 E = Vault monster count
 F = Vault count percentage of total count
                 A         B        C        D         E       F
            +---------+---------+-------+---------+---------+-------
      Total |     789 |       5 |   0.6 |     110 |       3 |   2.7
            +---------+---------+-------+---------+---------+-------
        D:1 |      54 |       0 |   0.0 |      28 |       0 |   0.0
        D:2 |      59 |       5 |   7.8 |      30 |       3 |   9.1
        D:3 |     162 |       0 |   0.0 |      32 |       0 |   0.0
        D:4 |     322 |       0 |   0.0 |      11 |       0 |   0.0
        D:5 |     192 |       0 |   0.0 |       9 |       0 |   0.0
            +---------+---------+-------+---------+---------+-------
